Map: Neon Violet Square LE

Players

meowmeowcute - Winner!

  • Race: Protoss Protoss
  • Spawn Location: 5:00

VOD

Have the link to the VOD?

Description

Time

  • Played on: Dec. 22, 2017, 1:26 p.m.
  • Length: 35:56
Show
View Real Time Build Order
Export as new Build Order

meowmeowcute Protoss - Winner!

Build Orders:  

Get SALT Encoding   

  12  0:22  Pylon  
  12  0:33  Probe (Chrono Boost)  
  14  0:50  Probe (Chrono Boost)  
  14  0:52  Gateway  
  14  1:07  Forge  
  14  1:26  Probe (Chrono Boost)  
  14  1:27  Assimilator  
  15  1:43  Probe (Chrono Boost)  
  16  2:12  Cybernetics Core  
  16  2:28  Photon Cannon  
  16  2:31  Photon Cannon  
  17  2:41  Probe (Chrono Boost)  
  17  2:42  Assimilator  
  17  2:43  Zealot  
  20  3:02  Probe (Chrono Boost)  
  20  3:21  Zealot  
  20  3:25  Probe (Chrono Boost)  
  23  4:09  Pylon  
  23  4:32  Pylon  
  23  4:37  Probe (Chrono Boost)  
  24  4:42  Sentry  
  24  4:43  Pylon  
  26  4:58  Probe (Chrono Boost)  
  27  5:14  Gateway  
  27  5:15  Probe (Chrono Boost)  
  27  5:16  Gateway  
  28  5:23  Stargate  
  29  5:32  Probe (Chrono Boost)  
  29  5:38  Stalker  
  31  5:48  Probe (Chrono Boost)  
  32  5:59  Robotics Facility  
  32  6:08  Pylon  
  32  6:25  Pylon  
  32  6:35  Zealot  
  32  6:37  Sentry  
  36  6:43  Stalker  
  38  6:58  Void Ray  
  42  7:42  Stalker  
  42  7:44  Fleet Beacon  
  42  7:49  Stalker  
  46  8:06  Twilight Council  
  46  8:31  Pylon  
  46  8:52  Tempest  
  46  8:56  Zealot  
  54  9:00  Zealot  
  46  9:48  Nexus  
  38  10:13  Carrier  
  44  10:47  Zealot  
  44  10:49  Sentry  
  50  11:14  Nexus  
  50  11:21  Unknown  
  50  11:23  Probe (Chrono Boost)  
  51  11:39  Assimilator  
  52  11:40  Probe (Chrono Boost)  
  52  11:57  Assimilator, Probe (Chrono Boost)  
  53  12:14  Probe (Chrono Boost)  
  54  12:26  Probe (Chrono Boost)  
  55  12:38  Probe (Chrono Boost)  
  55  12:49  Probe (Chrono Boost)  
  57  13:04  Probe (Chrono Boost)  
  58  13:18  Probe (Chrono Boost)  
  60  13:20  Probe (Chrono Boost)  
  60  13:35  Probe (Chrono Boost)  
  61  13:41  Tempest  
  67  13:52  Probe (Chrono Boost)  
  76  14:10  Photon Cannon  
  76  14:14  Photon Cannon  
  76  14:31  Shield Battery  
  76  15:19  Zealot  
  78  15:24  Sentry  
  82  15:30  Immortal  
  82  15:39  Protoss Shields Level 1  
  80  15:58  Unknown  
  78  16:35  Zealot  
  80  16:40  Zealot  
  80  16:47  Unknown  
  86  17:20  Unknown  
  86  17:32  Photon Cannon  
  86  17:35  Photon Cannon  
  86  17:39  Pylon  
  86  17:47  Pylon  
  86  17:55  Nexus  
  86  17:56  Unknown  
  86  18:00  Assimilator  
  86  18:06  Assimilator  
  90  18:26  Protoss Ground Armor Level 1  
  90  18:29  Protoss Air Armor Level 1  
  90  18:35  Immortal  
  94  18:42  Unknown x2  
  96  19:01  Robotics Bay  
  96  19:08  Dark Shrine  
  96  19:20  Unknown  
  96  19:24  Tempest  
  102  19:35  Immortal  
  106  19:48  Pylon  
  106  19:52  Pylon  
  106  20:11  Probe (Chrono Boost)  
  106  20:18  Stargate  
  107  20:20  Stargate  
  107  20:22  Probe (Chrono Boost)  
  108  20:31  Zealot  
  108  20:35  Probe (Chrono Boost), Stalker  
  108  20:39  Zealot  
  115  20:41  Disruptor  
  115  20:52  Probe (Chrono Boost)  
  119  21:05  Protoss Ground Weapons Level 1  
  119  21:09  Probe (Chrono Boost), Protoss Air Weapons Level 1, Zealot  
  120  21:17  Stalker, Zealot  
  124  21:36  Probe (Chrono Boost)  
  125  21:49  Tempest  
  131  21:53  Probe (Chrono Boost)  
  132  22:00  Pylon  
  133  22:10  Probe (Chrono Boost)  
  133  22:12  Pylon  
  133  22:26  Tempest  
  139  22:37  Tempest  
  145  22:52  Dark Templar  
  145  22:55  Zealot  
  149  23:28  Pylon  
  149  23:31  Pylon  
  149  23:45  Protoss Shields Level 2  
  149  23:51  Nexus  
  149  23:58  Protoss Air Armor Level 2  
  151  24:12  Carrier  
  151  24:14  Tempest  
  163  24:31  Unknown  
  163  24:42  Graviton Catapult  
  163  24:49  Sentry  
  165  25:07  Pylon  
  165  25:12  Pylon  
  165  25:21  Assimilator  
  165  25:27  Assimilator  
  165  25:31  Sentry  
  165  25:33  Oracle  
  170  25:46  Charge  
  170  25:54  Photon Cannon  
  170  25:56  Photon Cannon  
  170  26:00  Photon Cannon  
  170  26:03  Photon Cannon  
  170  26:05  Probe (Chrono Boost)  
  171  26:17  Probe (Chrono Boost)  
  171  26:23  Zealot  
  171  26:25  Zealot  
  176  26:30  Probe (Chrono Boost)  
  177  26:47  Probe (Chrono Boost)  
  178  26:55  Protoss Ground Armor Level 2  
  178  26:59  Tempest  
  184  27:04  Tempest, Probe (Chrono Boost)  
  184  27:08  Protoss Air Weapons Level 2  
  192  27:21  Probe (Chrono Boost)  
  192  27:24  Phoenix  
  192  27:27  Zealot  
  196  28:16  Pylon  
  196  28:21  Pylon  
  196  28:41  Zealot  
  196  28:44  Probe (Chrono Boost)  
  200  29:01  Probe (Chrono Boost)  
  200  29:06  Unknown  
  162  31:39  Carrier  
  174  31:40  Tempest  
  174  31:42  Tempest  
  186  32:13  Unknown x3  
  188  32:27  Immortal  
  192  32:33  Zealot  
  192  32:36  Stalker  
  196  32:51  Unknown, Sentry  
  192  33:11  Zealot  
  192  33:18  Stalker  
  196  33:22  Immortal  
Tags
 
Add a new tag
Caveats
  • Supply blocks, unpowered buildings, or Contaminate may cause inaccurate times.
  • Supply counts are checked every 10 seconds.